 Dungeon Crawl Stone Soup version 0.17.0-9-g801d43b (webtiles) character file.

3016 HungrySpirit the Grappler (level 9, -6/81 HPs)
             Began as a Purple Draconian Transmuter on Nov 9, 2015.
             Was a Follower of Qazlal.
             Incinerated by a mottled dragon (12 damage)
             ... with a sticky flame
             ... on level 6 of the Dungeon.
             The game lasted 00:18:13 (8580 turns).

HungrySpirit the Grappler (DrTm)                    Turns: 8580, Time: 00:18:14

Health: -6/81      AC:  7    Str: 11 (14) XL:     9   Next: 55%
Magic:  15/18      EV: 10    Int: 19      God:    Qazlal [*.....]
Gold:   271        SH:  1    Dex: 12      Spells: 4 memorised, 9 levels left

rFire  x . .     SeeInvis .       - Unarmed
rCold  + + +     Clarity  .     (armour unavailable)
rNeg   . . .     SustAt   .     (shield currently unavailable)
rPois  +         Gourm    .     (helmet currently unavailable)
rElec  .         Spirit   .     (cloak currently unavailable)
rCorr  .         Warding  .     (gloves currently unavailable)
rMut   .         Stasis   .     (boots currently unavailable)
MR     +....                    (no amulet)
Stlth  ..........               n - +4 ring of intelligence
                                t - ring of loudness (curse)

@: liquid flames, ice-form, very slightly contaminated, glowing, invisible (but
backlit and visible), somewhat resistant to hostile enchantments, extremely
unstealthy
A: (breathe power), unfitting armour, mutation resistance 1, (cold-blooded), AC
+7
a: End Transformation, Renounce Religion


You were on level 6 of the Dungeon.
You worshipped Qazlal.
Qazlal was aware of your devotion.
You were not hungry.
You were a creature of crystalline ice.
You visited 2 branches of the dungeon, and saw 7 of its levels.

You collected 271 gold pieces.

Inventory:

Missiles
 s - 29 arrows
Armour
 k - a +0 pair of gloves (melded)
 l - a +0 buckler
 x - a +1 cloak (melded)
Jewellery
 d - an uncursed ring of ice
 e - an uncursed ring of protection from cold
 i - an uncursed ring of protection from cold
 n - a +4 ring of intelligence (right front paw)
 t - a cursed ring of loudness (left front paw)
 y - an uncursed amulet of resist corrosion {unknown}
Wands
 u - a wand of slowing (46)
Scrolls
 f - a scroll of enchant weapon
 h - 4 scrolls of identify
 q - a scroll of teleportation
Potions
 a - 4 potions of curing
 g - a potion of degeneration
 j - 2 potions of flight
 A - a potion of resistance {unknown}
Books
 b - a book of Changes

   Spells                             Type                      Level
   a - Beastly Appendage              Transmutation                1
   b - Sticks to Snakes               Transmutation                2
   c - Spider Form                    Transmutation/Poison         3
   d - Ice Form                       Ice/Transmutation            4
   e - Blade Hands                    Transmutation                5
 o - a book of Party Tricks

   Spells                             Type                      Level
   a - Summon Butterflies             Summoning                    1
   b - Apportation                    Translocation                1
   c - Tukima's Dance                 Hexes                        3
   d - Alistair's Intoxication        Transmutation/Poison         4
   e - Invisibility                   Hexes                        6
 p - a book of Enchantments

   Spells                             Type                      Level
   a - Cause Fear                     Hexes                        4
   b - Silence                        Hexes/Air                    5
   c - Deflect Missiles               Charms/Air                   6
   d - Haste                          Charms                       6
   e - Discord                        Hexes                        8
 r - a book of Air

   Spells                             Type                      Level
   a - Shock                          Conjuration/Air              1
   b - Swiftness                      Charms/Air                   2
   c - Repel Missiles                 Charms/Air                   2
   d - Static Discharge               Conjuration/Air              3
   e - Lightning Bolt                 Conjuration/Air              5
 w - a book of Dreams

   Spells                             Type                      Level
   a - Ensorcelled Hibernation        Hexes/Ice                    2
   b - Phase Shift                    Translocation                5
   c - Shadow Creatures               Summoning                    5
   d - Silence                        Hexes/Air                    5
   e - Darkness                       Hexes                        6
   f - Mass Confusion                 Hexes                        6
Comestibles
 c - 3 bread rations
 z - a meat ration
 B - 2 chunks of flesh


   Skills:
 + Level 2.4 Fighting
 - Level 1.7 Dodging
 * Level 8.3 Unarmed Combat
 + Level 6.6 Spellcasting
 * Level 8.3 Transmutations
 - Level 4.0 Ice Magic


You had 9 spell levels left.
You knew the following spells:

 Your Spells              Type           Power        Failure   Level  Hunger
a - Beastly Appendage     Trmt           #####.       1%          1    None
b - Sticks to Snakes      Trmt           #####.....   1%          2    None
c - Ice Form              Ice/Trmt       ####....     12%         4    ####...
d - Blade Hands           Trmt           #####.....   12%         5    #####..


Dungeon Overview and Level Annotations

Branches:
Dungeon (6/15)             Temple (1/1) D:6

Altars:
Ashenzari
Cheibriados
Nemelex Xobeh
Okawaru
Qazlal
Xom

Shops:
D:6 [


Innate Abilities, Weirdness & Mutations

((You can breathe bolts of dispelling energy.))
((Your rich purple scales are hard (AC +7).))
Your body does not fit into most forms of armour.
((You are cold-blooded and may be slowed by cold attacks.))
You are somewhat resistant to further mutation.


Message History

Drink which item? (? for menu, Esc to quit)
Okay, then.
Drink which item? (? for menu, Esc to quit)
It was a potion of invisibility.
You become transparent, but the glow from your liquid flames prevents you from becoming completely invisible.
You are covered in liquid flames!
The gnoll sergeant hits you from afar with a spear.
* * * LOW HITPOINT WARNING * * *
You block the mottled dragon's attack. The mottled dragon barely misses you.
You are very lightly contaminated with residual magic.
The gnoll sergeant barely misses you. The gnoll sergeant closely misses you.
The gnoll sergeant hits you from afar with a spear.
* * * LOW HITPOINT WARNING * * *
The mottled dragon breathes sticky fire at you.
The sticky flame hits you! The fire burns you terribly!
You are covered in liquid flames!
* * * LOW HITPOINT WARNING * * *
You are covered in liquid flames!
You die... ..#.....################## ..#.....# ###.....# ###### ############### ##..(.## )[)...........###......## #############..(...##...# oo#

#?$#####...###..#
#oo( ?$?##
#†.###...# ##.o.
.⌠.## #Y.(##...#
.o.....
##......##
....... ##....##
.⌠...⌠. ##D...##
##......##
#...##...#
####...###..#
#..'..###...#
#.##...##...#


You could see a mottled dragon.

Vanquished Creatures
  Pikel (D:5)
  Grinder (D:3)
  A hippogriff (D:3)
  A water moccasin (D:6)
  Duvessa (D:5)
  A necrophage (D:2)
  An ice beast (D:6)
  2 centaurs
  An ogre (D:6)
  The ghost of Alg the Chopper, an amateur DsBe of Trog (D:3)
  A big kobold (D:6)
  A giant frog (D:6)
  Dowan (D:5)
  A water moccasin zombie (D:5)
  4 wights (D:6)
  6 crimson imps
  2 centaur zombies (D:6)
  5 hounds
  An orc priest (D:3)
  2 orc wizards
  A giant frog skeleton (D:4)
  2 iguanas
  A killer bee zombie (D:6)
  8 worker ants
  A hound skeleton (D:6)
  10 adders
  7 gnolls
  An ooze (D:3)
  An adder zombie (D:5)
  3 worms
  4 giant geckos
  15 orcs
  6 giant cockroaches
  13 goblins
  6 hobgoblins
  18 jackals
  11 kobolds
  6 quokkas
  10 bats
  4 giant newts
  A jackal skeleton (D:4)
  A quokka skeleton (D:4)
  12 rats
177 creatures vanquished.

Vanquished Creatures (collateral kills)
  A slave (D:5)
  A sky beast (D:6)
  A gnoll (D:2)
  4 jackals (D:2)
7 creatures vanquished.

Vanquished Creatures (others)
  A slave (D:5)
  A quasit (D:5)
  A worker ant (D:5)
  4 orcs (D:5)
7 creatures vanquished.

Grand Total: 191 creatures vanquished

Notes
Turn   | Place    | Note
--------------------------------------------------------------
     0 | D:1      | HungrySpirit the Draconian Transmuter began the quest for the Orb.
     0 | D:1      | Reached XP level 1. HP: 16/16 MP: 3/3
   247 | D:1      | Reached XP level 2. HP: 15/23 MP: 5/5
   907 | D:2      | Learned a level 2 spell: Sticks to Snakes
   934 | D:2      | Reached XP level 3. HP: 7/28 MP: 4/6
  1685 | D:2      | Reached XP level 4. HP: 35/35 MP: 5/7
  2284 | D:2      | Learned a level 4 spell: Ice Form
  2321 | D:2      | Reached skill level 4 in Unarmed Combat
  2646 | D:2      | Reached XP level 5. HP: 17/40 MP: 9/9
  2699 | D:2      | Noticed a necrophage
  2755 | D:2      | Killed a necrophage
  3223 | D:3      | Noticed Grinder
  3343 | D:3      | Noticed Alg's ghost (amateur DsBe)
  3351 | D:3      | Reached XP level 6. HP: 47/47 MP: 8/10
  3737 | D:3      | Found a shattered altar of Ashenzari.
  3774 | D:3      | Gained mutation: You are somewhat resistant to further mutation. [potion of beneficial mutation]
  3774 | D:3      | Paralysed by Grinder for 2 turns
  3797 | D:3      | Killed Grinder
  3797 | D:3      | Reached skill level 5 in Unarmed Combat
  3797 | D:3      | Reached skill level 5 in Transmutations
  3797 | D:3      | Reached skill level 1 in Ice Magic
  3960 | D:3      | Killed Alg's ghost
  3960 | D:3      | Your scales start taking on a rich purple colour.
  3960 | D:3      | Reached XP level 7. HP: 24/52 MP: 9/13
  4229 | D:3      | Noticed a hippogriff
  4248 | D:3      | Killed a hippogriff
  5328 | D:4      | Learned a level 5 spell: Blade Hands
  5329 | D:5      | Entered Level 5 of the Dungeon
  5329 | D:5      | Noticed Duvessa
  5329 | D:5      | Noticed Dowan
  5346 | D:5      | Killed Duvessa
  5346 | D:5      | Reached skill level 6 in Unarmed Combat
  5347 | D:5      | Killed Dowan
  5347 | D:5      | Reached XP level 8. HP: 32/59 MP: 11/15
  5740 | D:5      | Noticed Pikel
  5759 | D:5      | Killed Pikel
  5759 | D:5      | Reached skill level 7 in Unarmed Combat
  5759 | D:5      | Reached skill level 5 in Spellcasting
  7015 | D:6      | Found Ocaugi Jodghe's Armour Shoppe.
  7076 | D:6      | Reached XP level 9. HP: 59/64 MP: 10/17
  7400 | D:6      | Found a staircase to the Ecumenical Temple.
  7421 | Temple   | Entered the Ecumenical Temple
  7430 | Temple   | Became a worshipper of Qazlal Stormbringer
  7570 | D:6      | Reached skill level 8 in Unarmed Combat
  8205 | D:6      | Reached * piety under Qazlal
  8213 | D:6      | Noticed a hill giant
  8580 | D:6      | Incinerated by a mottled dragon

Action                   |  1- 3 |  4- 6 |  7- 9 || total
-------------------------+-------+-------+-------++-------
Melee: Unarmed           |   163 |   251 |   437 ||   851
 Cast: Beastly Appendage |    19 |    19 |    27 ||    65
       Sticks to Snakes  |       |    12 |     5 ||    17
       Ice Form          |       |     2 |    10 ||    12
  Use: Potion            |       |     6 |     3 ||     9
       Scroll            |       |       |     7 ||     7
 Stab: Sleeping          |     1 |       |       ||     1
       Distracted        |       |     2 |       ||     2
  Eat: Chunk             |     3 |     8 |    15 ||    26
       Fruit             |       |       |     3 ||     3
